 Dungeon Crawl Stone Soup version 0.25-a0-479-g8579842fd4 (webtiles) character file.

Game seed: 7461178495045983853, levelgen mode: deterministic

8 Notrik the Chopper (level 2, -1/27 HPs)
             Began as a Hill Orc Berserker on Feb 9, 2020.
             Was a Follower of Trog.
             Slain by a jackal (3 damage)
             ... on level 1 of the Dungeon.
             The game lasted 00:00:19 (39 turns).

Notrik the Chopper (Hill Orc Berserker)               Turns: 39, Time: 00:00:20

Health: -1/27      AC:  2    Str: 19    XL:     2   Next: 8%
Magic:  2/2        EV: 12    Int:  7    God:    Trog [*.....]
Gold:   0          SH:  0    Dex: 10    Spells: 1/1 levels left

rFire    . . .     SeeInvis .   a - +0 hand axe
rCold    . . .     Gourm    .   (no shield)
rNeg     . . .     Faith    .   b - +0 animal skin
rPois    .         Spirit   .   (no helmet)
rElec    .         Reflect  .   (no cloak)
rCorr    .         Harm     .   (no gloves)
MR       .....                  (no boots)
Stlth    +.........             (no amulet)
HPRegen  0.09/turn              (no ring)
MPRegen  0.08/turn              (no ring)

@: no status effects
A: no striking features
a: Berserk, Renounce Religion


You were on level 1 of the Dungeon.
You worshipped Trog.
Trog was aware of your devotion.
You were not hungry.

You visited 1 branch of the dungeon, and saw 1 of its levels.

Inventory:

Hand Weapons
 a - a +0 hand axe (weapon)
Armour
 b - a +0 animal skin (worn)
Comestibles
 e - a ration {!d}


   Skills:
 * Level 4.0 Fighting
 + Level 4.2 Axes
 + Level 2.4 Armour
 - Level 1.5 Dodging


You had one spell level left.
You didn't know any spells.
Your spell library was empty.

Dungeon Overview and Level Annotations

Branches:
Dungeon (1/15)

Altars:


Message History

Trog accepts your kill.
A jackal comes into view.
The jackal bites you.
* * * LOW HITPOINT WARNING * * *
You barely miss the jackal.
The jackal barks!
You hit the giant cockroach.
You hear a shout!
You hear a bark!
The giant cockroach bites you but does no damage.
The jackal bites you but does no damage.
The giant cockroach closely misses you.
You hit the jackal.
You kill the jackal!
Trog accepts your kill.
You hit the giant cockroach but do no damage.
A goblin comes into view. It is wielding a +0 dagger.
The giant cockroach bites you.
* * * LOW HITPOINT WARNING * * *
You hit the jackal.
You kill the jackal!
Trog accepts your kill.
You closely miss the giant cockroach. The giant cockroach barely misses you.
You barely miss the jackal. You closely miss the giant cockroach.
The jackal bites you.
* * * LOW HITPOINT WARNING * * *
The giant cockroach closely misses you.
A jackal comes into view.
The jackal barely misses you. The giant cockroach bites you.
* * * LOW HITPOINT WARNING * * *
You completely miss the jackal.
The jackal barks!
You hit the giant cockroach.
You kill the giant cockroach!
Trog accepts your kill.
You have reached level 2!
You hear a bark!
The jackal barely misses you.
A kobold comes into view. It is wielding a +0 whip.
The kobold shouts!
You hit the jackal.
You kill the jackal!
Trog accepts your kill.
Your Fighting skill increases to level 4!
A jackal comes into view.
A jackal comes into view. x2
The jackal moves out of view.
You see here 10 gold pieces.
Okay, then.
You barely miss the jackal. The jackal barely misses you. The jackal bites you.
You die...

#.. #.## ... # #.#
#.#####.#
#.......#
#h###.†.h.########
#.....†hK.gh@....#
.....#....######.#
..........# ##.# #
####....# #..#
####..### #.##
#......# ##.#
##.##...######..#
...............##
##.........##.##


You could see 3 jackals, a goblin and a kobold.

Vanquished Creatures
  A dart slug (D:1)
  A giant cockroach (D:1)
  3 jackals (D:1)
5 creatures vanquished.

Notes
Turn   | Place    | Note
-------+----------+-------------------------------------------
     0 | D:1      | Notrik the Hill Orc Berserker began the quest for the Orb.
     0 | D:1      | Reached XP level 1. HP: 19/19 MP: 1/1
    31 | D:1      | HP: 1/20 [giant cockroach (1)]
    32 | D:1      | Reached XP level 2. HP: 1/27 MP: 2/2
    39 | D:1      | Slain by a jackal

Levels and vault maps discovered:
D:1:      mrwooster_arrival_statue_2, layout_rooms, minmay_pentomino_o2

Skill      XL: |  1  2 |
---------------+-------+-----
Fighting       | 4 |  4.0
Axes           | |  4.2
Armour         | |  2.4
Dodging        | |  1.5

Action                   || total
-------------------------++-------
Melee: Hand axe          ||    11
Armor: Animal skin       ||     2
Dodge: Dodged            ||     7

Table legend:
 A = Non-vault XP
 B = Vault XP
 C = Vault XP percentage of total XP
 D = Non-vault monster count
 E = Vault monster count
 F = Vault count percentage of total count
                 A         B        C        D         E       F
            +---------+---------+-------+---------+---------+-------
      Total |      12 |       0 |   0.0 |       5 |       0 |   0.0
            +---------+---------+-------+---------+---------+-------
        D:1 |      12 |       0 |   0.0 |       5 |       0 |   0.0
            +---------+---------+-------+---------+---------+-------
